 Dungeon Crawl Stone Soup version 0.28-a0-8-g6e044cfa68 (webtiles) character file.

Game seed: 4617286951449679513

1487 Housten the Shield-Bearer (level 8, -2/75 HPs)
             Began as a Deep Dwarf Fighter on July 24, 2021.
             Was an Initiate of Makhleb.
             Slain by Maggie (7 damage)
             ... on level 7 of the Dungeon.
             The game lasted 00:31:56 (6637 turns).

Housten the Shield-Bearer (Deep Dwarf Fighter)      Turns: 6637, Time: 00:31:56

Health: -2/75      AC: 11    Str: 21    XL:     8   Next: 50%
Magic:  7/7        EV:  8    Int: 10    God:    Makhleb [......]
Gold:   203        SH: 12    Dex: 18    Spells: 7/7 levels left

rFire   . . .      SeeInvis .   a - +1 war axe
rCold   . . .      Faith    .   c - +1 kite shield
rNeg    . . .      Spirit   .   b - +0 scale mail
rPois   .          Reflect  .   v - +2 helmet
rElec   .          Harm     .   C - scarf {repulsion}
rCorr   +          Rampage  .   (no gloves)
Will    +....                   (no boots)
Stlth   ..........              (no amulet)
HPRegen 0.00/turn               s - ring of resist corrosion
MPRegen 0.10/turn               g - +6 ring of dexterity

@: mesmerised, repel missiles
A: damage resistance, heal wounds, sense surroundings 1, no regeneration
a: Heal Wounds, Renounce Religion


You were on level 7 of the Dungeon.
You worshipped Makhleb.
Makhleb was noncommittal.
You visited 1 branch of the dungeon, and saw 7 of its levels.

You collected 263 gold pieces.
You spent 60 gold pieces at shops.

Inventory:

Hand Weapons
 a - a +1 war axe (weapon)
 p - a +4 dagger
 w - a +0 hunting sling
 y - a +0 vorpal flail
Missiles
 f - 93 arrows
 h - 43 bolts
 k - 160 stones (quivered)
 t - 35 sling bullets
Armour
 b - a +0 scale mail (worn)
 c - a +1 kite shield (worn)
 i - a +0 plate armour
 v - a +2 helmet (worn)
 C - a scarf of repulsion (worn)
Magical Staves
 o - a staff of air
 r - a staff of cold
Jewellery
 g - a +6 ring of dexterity (right hand)
 s - a ring of resist corrosion (left hand)
Scrolls
 j - 4 scrolls of identify
 m - 3 scrolls of amnesia
 E - a scroll of immolation
Potions
 d - a potion of might
 e - a potion of flight {unknown}
 l - a potion of haste {unknown}
 q - 2 potions of degeneration {unknown}
 x - a potion of attraction {unknown}
 z - a potion of cancellation {unknown}
 A - 2 potions of brilliance {unknown}
 D - a potion of resistance {unknown}
 G - a potion of ambrosia {unknown}


   Skills:
 + Level 5.5 Fighting
 + Level 6.1 Axes
 + Level 6.6 Armour
 + Level 6.7 Shields


You had 7 spell levels left.
You didn't know any spells.
Your spell library contained the following spells:

 Spells                   Type           Power      Damage    Failure   Level
 Animate Skeleton         Necr           0%         N/A       95%         1
 Pain                     Necr           0%         1d4       95%         1
 Static Discharge         Conj/Air       0%         N/A       99%         2
 Sublimation of Blood     Necr           0%         N/A       99%         2
 Wereblood                Tmut           0%         N/A       99%         2
 Vampiric Draining        Necr           0%         2d6       100%        3
 Dispel Undead            Necr           0%         3d6       100%        4
 Sticky Flame             Conj/Fire      0%         2d3       100%        4
 Summon Hydra             Summ           0%         N/A       100%        7


Dungeon Overview and Level Annotations

Branches:
Dungeon (7/15)
 Temple: D:4-7

Altars:
Hepliaklqana
Kikubaaqudgha
Makhleb
Uskayaw
Yredelemnul

Shops:
D:5 !

Annotations:
D:7 Maggie


Innate Abilities, Weirdness & Mutations

You are resistant to damage.
You can heal yourself by infusing magical energy.
You passively map a small area around you.
You do not regenerate.


Message History

An orc wizard comes into view. It is wielding a +0 dagger.
You see here 3 gold pieces.
Found an escape hatch in the ceiling.
You slash the orc!
You kill the orc!
Makhleb accepts your kill.
Things that are here:
a +0 hand axe; an orc corpse
Found a stone staircase leading down.
Maggie the Vainglorious comes into view.
She is wielding a +2 halberd of flaming and carrying a wand of mindburst (14).
Maggie gestures wildly while chanting.
Maggie attempts to bespell you!
You easily resist.
Maggie zaps a wand.
You resist with significant effort. Maggie gestures at you while chanting.
The bolt of fire misses you.
Maggie zaps a wand.
Your mind is blasted!
* * * LOW HITPOINT WARNING * * *
You feel better.
There is a stone staircase leading up here.
You block Maggie's attack.
There is a stone staircase leading up here.
You hit Maggie but do no damage. You block Maggie's attack. x2
You barely miss Maggie.
Maggie mumbles some strange words.
Maggie attempts to bespell you!
You are mesmerised by Maggie!
You hit Maggie.
Maggie is lightly wounded.
Maggie smiles, but it's obviously fake.
You block Maggie's attack.
You slash Maggie!
Maggie is moderately wounded.
Maggie hits you with a +2 halberd of flaming!
* * * LOW HITPOINT WARNING * * *
Maggie burns you. Maggie barely misses you.
Your shield prevents you from hitting Maggie.
Maggie is moderately wounded.
Maggie mumbles the words to a spell, but in the wrong order.
Maggie hits you with a +2 halberd of flaming!
You die...

##* ###### #.####....#
##..#......# ##.........###
#............# #...#.......#*
###...#......######
##.....#......###..####
##.........@#..##...#..##
#..........@#...........#
###..####..........#......###
###......#...........#....#...##
##....................##.........
#..................##..##..##....
#.................###......#.....
##...............## #..........).
#...............#####......@#####


You could see Maggie (mesmerising).

Vanquished Creatures
  A centaur zombie (D:5)
  Edmund (D:5)
  An ice beast (D:5)
  A necrophage (D:6)
  2 ogres
  A bullfrog (D:3)
  A wyvern skeleton (D:6)
  2 hounds
  A jelly (D:5)
  A bullfrog skeleton (D:6)
  4 iguanas
  A hound zombie (D:5)
  A howler monkey zombie (D:7)
  Robin (D:4)
  A howler monkey skeleton (D:7)
  8 adders
  3 gnolls (D:6)
  A white imp (D:5)
  4 worms
  5 dart slugs
  13 orcs
  4 endoplasms
  5 giant cockroaches
  11 goblins
  8 hobgoblins
  2 jackals (D:1)
  2 quokkas
  6 ball pythons
  6 bats
  6 frilled lizards
  5 kobolds
  5 rats
114 creatures vanquished.

Vanquished Creatures (collateral kills)
  A phantom (D:6)
  2 iguanas (D:6)
3 creatures vanquished.

Grand Total: 117 creatures vanquished

Notes
Turn   | Place    | Note
-------+----------+-------------------------------------------
     0 | D:1      | Housten the Deep Dwarf Fighter began the quest for the Orb.
     0 | D:1      | Reached XP level 1. HP: 20/20 MP: 1/1
    32 | D:1      | Found a faded altar of an unknown god.
   223 | D:1      | Reached XP level 2. HP: 25/27 MP: 2/2
   523 | D:1      | Reached XP level 3. HP: 13/34 MP: 3/3
  1099 | D:2      | Reached XP level 4. HP: 30/42 MP: 4/4
  2404 | D:3      | Reached XP level 5. HP: 32/49 MP: 5/5
  2903 | D:3      | Found a hazy altar of Hepliaklqana.
  3073 | D:4      | Noticed an ogre
  3082 | D:4      | Killed an ogre
  3083 | D:4      | Reached XP level 6. HP: 17/57 MP: 6/6
  3343 | D:4      | Noticed Robin
  3384 | D:4      | Killed Robin
  3561 | D:5      | Entered Level 5 of the Dungeon
  3830 | D:5      | Reached skill level 5 in Shields
  3867 | D:5      | Noticed Edmund
  3923 | D:5      | HP: 1/57 [Edmund (2)]
  3928 | D:5      | Killed Edmund
  3929 | D:5      | Reached skill level 5 in Armour
  3980 | D:5      | Reached XP level 7. HP: 21/64 MP: 7/7
  4195 | D:5      | Found a hide-covered altar of Uskayaw.
  4198 | D:5      | Found a basalt altar of Yredelemnul.
  4200 | D:5      | Found an ancient bone altar of Kikubaaqudgha.
  4290 | D:5      | Found Qiujosos's Distillery.
  4296 | D:5      | Bought a potion of curing for 30 gold pieces
  4296 | D:5      | Bought a potion of curing for 30 gold pieces
  4354 | D:5      | Reached skill level 5 in Axes
  4661 | D:5      | Reached skill level 5 in Fighting
  4715 | D:5      | Reached XP level 8. HP: 22/74 MP: 7/7
  6353 | D:6      | Found a burning altar of Makhleb.
  6362 | D:6      | Became a worshipper of Makhleb the Destroyer
  6582 | D:7      | Noticed Maggie
  6588 | D:7      | HP: 2/75 [disintegration (18)]
  6637 | D:7      | Slain by Maggie

Illustrated notes

Levels and vault maps discovered:
D:1:      amcnicky_arrival_blooded_trapdoor, layout_basic,
          ebering_ecumenical_altar_sacrificial, chequers_garden
D:2:      layout_basic, minmay_split_cup_small
D:3:      layout_basic, nzn_hepliaklqana_mist_gate
D:4:      kennysheep_goblin_castle, layout_basic, minmay_temple_entry_fiery,
          grunt_ministairs_3, minivault_5, uniq_robin
D:5:      layout_loops_corners, minitemple, serial_shops, nicolae_shop_crystal,
          uniq_edmund
D:6:      layout_cave_pools, makhleb_blood_cavern_becter, nicolae_benzene_ring
D:7:      layout_cave_pools, uniq_maggie

Skill      XL: |  1  2  3  4  5  6  7  8 |
---------------+-------------------------+-----
Fighting       | 3 4 5 |  5.5
Axes           | 3 4 5 6 |  6.1
Shields        | 4 5 6 |  6.7
Armour         | 4 5 6 |  6.6

Action                   |  1- 3 |  4- 6 |  7- 9 || total
-------------------------+-------+-------+-------++-------
Melee: War axe           |   128 |   214 |   122 ||   464
Throw: Stone             |     2 |    14 |     4 ||    20
 Abil: Heal Wounds       |     1 |     4 |     1 ||     6
  Use: Potion            |       |       |     4 ||     4
       Scroll            |       |       |    10 ||    10
Armor: Scale mail        |    71 |    58 |    66 ||   195
Dodge: Dodged            |    35 |    50 |    39 ||   124
       Repelled          |       |       |     1 ||     1
Block: Kite shield       |    67 |   119 |    80 ||   266

Table legend: (Time is in decaauts)
 A = Elapsed time spent in this place.
 B = Non-inter-level travel time spent in this place.
 C = Inter-level travel time spent in this place.
 D = Time resting spent in this place.
 E = Time spent auto-exploring this place.
 F = Levels seen in this place.
 G = Mean time per level.
                   A        B        C        D        E       F      G
               +--------+--------+--------+--------+--------+-----+--------+
         Total |   6877 |   6526 |    351 |    702 |   3638 |   7 |  982.4 |
       Dungeon |   6877 |   6526 |    351 |    702 |   3638 |   7 |  982.4 |
               +--------+--------+--------+--------+--------+-----+--------+

Top non-repeatable levels by time:
     D:5: 1781 daAuts
     D:2: 1330 daAuts
     D:6: 1138 daAuts
     D:3: 1055 daAuts
     D:1: 760 daAuts
     D:4: 576 daAuts
     D:7: 235 daAuts
